 Dungeon Sprint DCSS version 0.17-a0-877-ga10078a (webtiles) character file.

330 ahoge the Fighter (level 6, -3/44 HPs)
             Began as a Gargoyle Fighter on Apr 30, 2015.
             Was a Follower of Okawaru.
             Slain by a hill giant
             ... wielding a +0 giant spiked club
              (19 damage)
             ... in the Dungeon (Sprint IX: "|||||||||||||||||||||||||||||").
             The game lasted 00:01:55 (441 turns).

ahoge the Fighter (Gargoyle Fighter)                 Turns: 441, Time: 00:01:56

Health: -3/44      AC: 17    Str: 20    XL:     6   Next: 51%
Magic:  6/6        EV: 12    Int: 11    God:    Okawaru [*.....]
Gold:   0          SH:  0    Dex: 11    Spells: 0 memorised, 5 levels left

rFire  . . .     SeeInvis .     p - +2 halberd of Tenacity {flame, +Inv MR+}
rCold  . . .     Clarity  .     s - +2 ring mail
rNeg   + . .     SustAb   .     (no shield)
rPois  ∞         Gourm    .     (no helmet)
rElec  +         Spirit   .     (no cloak)
rCorr  .         Warding  .     r - +0 pair of gloves
rMut   .         NoTele   +     q - +0 pair of boots
MR     +....                    (no amulet)
Stlth  +.........               u - +2 ring of protection
                                t - +3 ring of intelligence

@: somewhat resistant to hostile enchantments, very unstealthy
A: negative energy resistance 1, electricity resistance, unbreathing,
petrification resistance, rot immunity, AC +4
a: Heroism, Renounce Religion, Evoke Invisibility


You were in the Dungeon.
You worshipped Okawaru.
Okawaru was aware of your devotion.
You were not hungry.

You visited 1 branch

Inventory:

Hand weapons
 a - a +0 flail
 p - the +2 halberd of Tenacity (weapon) {flame, +Inv MR+}
   (You found it in the Dungeon)

   It has been specially enchanted to burn those struck by it, causing extra
   injury to most foes and up to half again as much damage against particularly
   susceptible opponents.
   Big, fiery blades are also staple armaments of hydra-hunters.
   It affects your resistance to hostile enchantments.
   It lets you turn invisible.
Armour
 b - a +0 scale mail
 c - a +0 shield
 q - a +0 pair of boots (worn)
 r - a +0 pair of gloves (worn)
 s - a +2 ring mail (worn)
Jewellery
 t - a +3 ring of intelligence (left hand)
 u - a +2 ring of protection (right hand)
Magical devices
 o - a wand of fire (7)
Scrolls
 k - 2 scrolls of blinking
 m - 3 scrolls of remove curse
 n - 2 scrolls of amnesia
Potions
 d - a potion of might
 f - 5 potions of curing
 g - 3 potions of heal wounds
 h - a potion of haste
 i - 4 potions of magic
 j - a potion of berserk rage
 l - a potion of invisibility
Comestibles
 e - a bread ration


   Skills:
 + Level 8.2 Fighting
 + Level 5.4 Maces & Flails
 + Level 1.1 Polearms
 + Level 8.0 Armour
 + Level 3.1 Dodging
 + Level 7.7 Shields


You had 5 spell levels left.
You didn't know any spells.

Dungeon Overview and Level Annotations

Branches:
Dungeon (1/1)

Altars:
Cheibriados
Dithmenos
Elyvilon
Fedhas
Gozag
Kikubaaqudgha
Makhleb
Nemelex Xobeh
Okawaru
Qazlal
Ru
Sif Muna
Trog
Vehumet
Xom
Yredelemnul
Zin
The Shining One
Beogh
Jiyva
Lugonu


Innate Abilities, Weirdness & Mutations

You are resistant to torment.
Your stone body is resilient (AC +4).
You are immune to poison.
You resist negative energy.
You are resistant to electric shocks.
You can survive without breathing.
You are immune to petrification.
You are immune to rotting.


Message History

The hungry ghost hits you but does no damage. x2
You slash the hungry ghost! You burn the hungry ghost.
You destroy the hungry ghost!
Okawaru is honoured by your kill.
Your Fighting skill increases to level 8!
Your Maces & Flails skill increases to level 5!
Your Polearms skill increases to level 1!
Your Armour skill increases to level 8!
Your Dodging skill increases to level 3!
You have reached level 6!
Your experience leads to an increase in your attributes!
Your base attributes are Str 20, Int 8, Dex 10.
Increase (S)trength, (I)ntelligence, or (D)exterity?
You feel agile.
The hill giant hits you with a giant spiked club!!
Ouch! That really hurt!
You barely miss the hill giant. The hill giant closely misses you.
You barely miss the hill giant.
The hill giant hits you with a giant spiked club!!
You die... ▓▓▓▓▓▓▓▓▓▓▓▓▓▓▓▓▓▓▓▓▓▓▓▓▓ +....FrC@....)|..'_______ ▓▓▓▓▓▓▓▓▓▓▓▓▓▓▓▓▓▓▓▓▓▓▓▓▓

You could see a hill giant, a giant frog and a rat.

Vanquished Creatures
  A hungry ghost (D)
  An ice beast (D)
  A crimson imp (D)
  A hound (D)
  A jelly (D)
  An orc (D)
  3 bats (D)
  A goblin (D)
  2 hobgoblins (D)
  A jackal zombie (D)
13 creatures vanquished.

Notes
Turn   | Place    | Note
--------------------------------------------------------------
     0 | D        | ahoge, the Gargoyle Fighter, began the quest for the Orb.
     0 | D        | Reached XP level 1. HP: 14/14 MP: 1/1
    20 | D        | Reached skill level 4 in Fighting
    23 | D        | Reached XP level 2. HP: 14/20 MP: 2/2
   123 | D        | Noticed a hound
   123 | D        | Noticed a crimson imp
   144 | D        | Killed a hound
   144 | D        | Reached skill level 5 in Fighting
   144 | D        | Reached skill level 5 in Armour
   144 | D        | Reached skill level 5 in Shields
   144 | D        | Reached XP level 3. HP: 17/26 MP: 3/3
   178 | D        | Killed a crimson imp
   178 | D        | Reached skill level 1 in Dodging
   178 | D        | Reached XP level 4. HP: 16/32 MP: 4/4
   330 | D        | Found a glowing silver altar of Zin.
   330 | D        | Found a glowing golden altar of the Shining One.
   330 | D        | Found an ancient bone altar of Kikubaaqudgha.
   330 | D        | Found a basalt altar of Yredelemnul.
   330 | D        | Found a shimmering altar of Xom.
   330 | D        | Found a radiant altar of Vehumet.
   330 | D        | Found an iron altar of Okawaru.
   331 | D        | Found a burning altar of Makhleb.
   332 | D        | Found a deep blue altar of Sif Muna.
   333 | D        | Found a bloodstained altar of Trog.
   334 | D        | Found a sparkling altar of Nemelex Xobeh.
   335 | D        | Found a white marble altar of Elyvilon.
   336 | D        | Found a roughly hewn altar of Beogh.
   337 | D        | Found a viscous altar of Jiyva.
   338 | D        | Found a corrupted altar of Lugonu.
   339 | D        | Became a worshipper of Warmaster Okawaru
   340 | D        | Found a blossoming altar of Fedhas.
   341 | D        | Found a snail-covered altar of Cheibriados.
   342 | D        | Found a shadowy altar of Dithmenos.
   343 | D        | Found a stormy altar of Qazlal.
   344 | D        | Found an opulent altar of Gozag.
   345 | D        | Found a sacrificial altar of Ru.
   385 | D        | Got the +2 halberd of Tenacity {flame, +Inv MR+}
   424 | D        | Noticed a giant frog
   424 | D        | Noticed a hill giant
   424 | D        | Noticed a hungry ghost
   424 | D        | Noticed an ice beast
   424 | D        | Noticed a jelly
   425 | D        | Killed a jelly
   425 | D        | Reached skill level 6 in Fighting
   432 | D        | Killed an ice beast
   432 | D        | Acquired Okawaru's first power
   432 | D        | Reached skill level 7 in Fighting
   432 | D        | Reached XP level 5. HP: 35/38 MP: 5/5
   439 | D        | Killed a hungry ghost
   439 | D        | Reached skill level 8 in Fighting
   439 | D        | Reached skill level 5 in Maces & Flails
   439 | D        | Reached skill level 1 in Polearms
   439 | D        | Reached XP level 6. HP: 38/44 MP: 6/6
   441 | D        | Slain by a hill giant

Action                   |  1- 3 |  4- 6 || total
-------------------------+-------+-------++-------
Melee: Flail             |    64 |       ||    64
       Halberd           |       |    17 ||    17
